 Dungeon Crawl Stone Soup version 0.29.0-11-gd7f09526c8 (webtiles) character file.

Game seed: 10808073164478177933

15447 leavemydog the Cleaver (level 12, -4/112 HPs)
             Began as a Hill Orc Fighter on Sept 5, 2022.
             Was an Elder of Zin.
             Slain by a sixfirhy (10 damage)
             ... led by a cacodemon
             ... on level 2 of the Abyss.
             The game lasted 00:17:32 (13891 turns).

leavemydog the Cleaver (Hill Orc Fighter)          Turns: 13891, Time: 00:17:34

Health: -4/112     AC: 25    Str: 22    XL:     12   Next: 27%
Magic:  14/14      EV: 11    Int: 10    God:    Zin [****..]
Gold:   299        SH:  8    Dex: 10    Spells: 11/11 levels left

rFire   x . .      SeeInvis .   i - +3 hand axe (elec)
rCold   x x .      Faith    .   H - +2 buckler
rNeg    . . .      Spirit   .   y - +1 steam dragon scales
rPois   +          Reflect  .   n - +0 helmet
rElec   .          Harm     .   s - +1 cloak
rCorr   .          Rampage  .   (no gloves)
Will    .....                   E - +0 pair of boots
Stlth   +++.......              f - amulet of Elemental Vulnerability {rPois rF-- rC-- AC+8}
HPRegen 0.28/turn               A - +4 ring of protection
MPRegen 0.14/turn               v - ring of protection from fire

@: mighty, slowed, very slow
A: inability to read after injury 1
a: Renounce Religion, Recite, Vitalisation, Imprison, Donate Gold


You were on level 2 of the Abyss.
You worshipped Zin.
Zin was greatly pleased with you.
You visited 1 branch of the dungeon, and saw 12 of its levels.
You visited the Abyss 1 time.

You collected 646 gold pieces.
You donated 347 gold pieces to Zin.

Inventory:

Hand Weapons
 i - a +3 hand axe of electrocution (weapon)
 C - a +0 sling
Missiles
 l - 5 throwing nets (quivered)
Armour
 b - a scarf of harm
 n - a +0 helmet (worn)
 s - a +1 cloak (worn)
 y - +1 steam dragon scales (worn)
 E - a +0 pair of boots (worn)
 H - a +2 buckler (worn)
Jewellery
 f - the amulet of Elemental Vulnerability (around neck) {rPois rF-- rC-- AC+8}
   (You found it on level 4 of the Dungeon)

   [amulet of nothing]

   AC:        It affects your AC (+8).
   rF:        It makes you very vulnerable to fire.
   rC:        It makes you very vulnerable to cold.
   rPois:     It protects you from poison.
 q - a ring of willpower
 v - a ring of protection from fire (right hand)
 A - a +4 ring of protection (left hand)
 G - an amulet of the acrobat
Wands
 u - a wand of digging (5)
 D - a wand of flame (58)
 J - a wand of paralysis (13)
Scrolls
 h - a scroll of butterflies
 k - a scroll of fear
 m - 5 scrolls of immolation
 o - a scroll of vulnerability
 p - a scroll of blinking
 r - a scroll of summoning
 t - a scroll of poison
 w - 3 scrolls of teleportation
 x - 4 scrolls of noise
 z - a scroll of torment {unknown}
 K - a scroll of amnesia {unknown}
 L - 2 scrolls of brand weapon
Potions
 a - 2 potions of flight
 c - a potion of degeneration {unknown}
 d - a potion of cancellation {unknown}
 e - 3 potions of attraction
 g - 3 potions of haste
 j - 2 potions of brilliance
 B - a potion of magic {unknown}
 F - a potion of curing
 I - a potion of berserk rage {unknown}
 M - 2 potions of might
 N - a potion of mutation {unknown}
 O - a potion of ambrosia {unknown}
 Q - a potion of invisibility


   Skills:
 + Level 12.1 Fighting
 - Level 14.9 Axes
 * Level 9.4 Armour
 + Level 4.9 Stealth
 + Level 9.5 Shields
 + Level 2.7 Invocations


You had 11 spell levels left.
You didn't know any spells.
Your spell library contained the following spells:

 Spells                   Type           Power      Damage    Failure   Level
 Apportation              Tloc           0%         N/A       43%         1
 Magic Dart               Conj           0%         1d3       43%         1
 Searing Ray              Conj           0%         2d4       56%         2
 Static Discharge         Conj/Air       0%         3-3/arc   56%         2
 Frozen Ramparts          Ice            0%         1d1       80%         3
 Inner Flame              Hex/Fire       0%         N/A       80%         3
 Portal Projectile        Hex/Tloc       0%         N/A       80%         3
 Stone Arrow              Conj/Erth      0%         3d7       80%         3
 Tukima's Dance           Hex            0%         N/A       80%         3
 Animate Armour           Summ/Erth      0%         N/A       99%         4
 Cause Fear               Hex            0%         N/A       99%         4
 Dispel Undead            Necr           0%         3d6       99%         4
 Fulminant Prism          Conj/Hex       0%         3d6       99%         4
 Ice Form                 Ice/Tmut       0%         N/A       99%         4
 Sticky Flame             Conj/Fire      0%         2d3       99%         4
 Summon Ice Beast         Ice/Summ       0%         N/A       99%         4
 Alistair's Intoxication  Tmut/Pois      0%         N/A       100%        5
 Blade Hands              Tmut           0%         N/A       100%        5
 Iskenderun's Battlesphe  Conj           0%         2d6       100%        5
 Iron Shot                Conj/Erth      0%         9d1       100%        6
 Spellforged Servitor     Conj/Summ      0%         N/A       100%        7
 Discord                  Hex            0%         N/A       100%        8
 Lehudib's Crystal Spear  Conj/Erth      0%         10d2      100%        8


Dungeon Overview and Level Annotations

Branches:
Dungeon (14/15)            Temple (0/1) D:7            Lair (0/5) D:9
 Vaults (0/5) D:14
    Orc: D:9-12

Altars:
Dithmenos
Elyvilon
Hepliaklqana
Kikubaaqudgha
Nemelex Xobeh
Sif Muna
Trog
Uskayaw
Vehumet
Wu Jian
Yredelemnul
Zin

Shops:
D:2 *   D:7 (

Annotations:
D:14 exclusion: orange crystal statue


Innate Abilities, Weirdness & Mutations

You occasionally lose the ability to read scrolls when taking damage.


Message History

You hit the sixfirhy but do no damage.
The sixfirhy is severely wounded.
You barely miss the cacodemon. The cacodemon closely misses you.
The cacodemon hits you but does no damage.
You closely miss the sixfirhy.
The sixfirhy is heavily wounded.
You hit the cacodemon but do no damage. The cacodemon gestures at you.
You feel yourself slow down.
You closely miss the sixfirhy.
The sixfirhy is heavily wounded.
You hit the cacodemon. The sixfirhy hits you. The sixfirhy shocks you!
You block the sixfirhy's attack. The cacodemon hits you!
* * * LOW HITPOINT WARNING * * *
The cacodemon closely misses you.
You slash the sixfirhy!
The sixfirhy is almost dead.
You hit the cacodemon but do no damage.
The sixfirhy hits you but does no damage. x3
You feel very mighty all of a sudden.
The sixfirhy hits you but does no damage.
The sixfirhy hits you.
* * * LOW HITPOINT WARNING * * *
The sixfirhy shocks you!
* * * LOW HITPOINT WARNING * * *
You block the sixfirhy's attack.
The cacodemon hits you but does no damage.
You block the cacodemon's attack. The cacodemon hits you!
* * * LOW HITPOINT WARNING * * *
The cacodemon hits you but does no damage.
You feel better. The cacodemon hits you!
* * * LOW HITPOINT WARNING * * *
You block the cacodemon's attack.
You miss the sixfirhy.
The sixfirhy is severely wounded.
You hit the cacodemon but do no damage. The sixfirhy barely misses you.
The sixfirhy hits you!
* * * LOW HITPOINT WARNING * * *
The sixfirhy shocks you!
You die...

## ..# # ##..
.. ## ....# #
. #.# #..##.
# ## ..# # .
†. . . . # .
. ...##..
.#### # ..
.### ##..#.#
#. #.
#.###..@2#
†#.#
..##...#3.# .
..
#.#..#..#....
# .
#.####.###..#
. #.. # ## #
. . ..# ..##
..# .# .# # #
. . #### ## #
# . . . . .


You could see a cacodemon and a sixfirhy.

Vanquished Creatures
  A rakshasa (D:14)
  2 boulder beetles
  A two-headed ogre (D:9)
  A centaur warrior (D:9)
  3 death yaks (D:9)
  Pikel (D:5)
  A mana viper (shapeshifter) (D:14)
  A cyclops (D:14)
  A gargoyle (D:10)
  Maggie (D:8)
  A freezing wraith (D:14)
  A kobold demonologist (D:9)
  2 trolls
  3 blink frogs (Abyss:2)
  2 hornets (D:9)
  8 yaks
  A wyvern (D:9)
  A vampire (D:14)
  Grum (D:8)
  A steam dragon (D:5)
  5 vampire mosquitoes
  Edmund (D:6)
  A small abomination (Abyss:2)
  4 acid dragons
  An ogre (D:6)
  An orc warrior (D:7)
  An ice beast (D:6)
  2 black bears
  A sky beast (D:6)
  6 centaurs
  2 wolves (D:8)
  3 phantoms
  2 lemures (D:5)
  3 kobold brigands
  8 bullfrogs
  A gnoll sergeant (D:11)
  2 scorpions
  4 wights (D:7)
  9 killer bees
  2 howler monkeys
  4 hounds
  7 orc priests
  A jelly (D:8)
  3 gnoll boudas
  6 orc wizards
  3 iguanas
  17 gnolls
  5 adders
  2 white imps
  3 ufetubi
  A worm (D:5)
  A dart slug (D:1)
  31 orcs
  3 bats
  8 endoplasms
  2 giant cockroaches
  6 hobgoblins
  10 jackals
  3 quokkas
  9 ball pythons
  6 frilled lizards
  8 goblins
  20 kobolds
  5 rats
257 creatures vanquished.

Vanquished Creatures (others)
  3 plants (D:2)
3 creatures vanquished.

Grand Total: 260 creatures vanquished

Notes
Turn   | Place    | Note
-------+----------+-------------------------------------------
     0 | D:1      | leavemydog the Hill Orc Fighter began the quest for the
                  | Orb.
     0 | D:1      | Reached XP level 1. HP: 19/19 MP: 1/1
   229 | D:1      | Reached XP level 2. HP: 27/27 MP: 2/2
   360 | D:1      | Reached skill level 3 in Axes
   798 | D:1      | Reached XP level 3. HP: 27/33 MP: 3/3
  1225 | D:2      | Found a hazy altar of Hepliaklqana.
  1236 | D:2      | Reached skill level 4 in Axes
  1409 | D:2      | Reached XP level 4. HP: 40/40 MP: 4/4
  1422 | D:2      | Found Huahug Bueps's Assorted Antiques.
  1728 | D:3      | Found a white marble altar of Elyvilon.
  2185 | D:3      | Found a basalt altar of Yredelemnul.
  2224 | D:3      | Found a shimmering blue altar of Sif Muna.
  2224 | D:3      | Found a shadowy altar of Dithmenos.
  2352 | D:4      | Found a glowing silver altar of Zin.
  2361 | D:4      | Became a worshipper of Zin the Law-Giver
  2361 | D:4      | Reached * piety under Zin
  2372 | D:4      | Reached skill level 5 in Axes
  2372 | D:4      | Reached XP level 5. HP: 42/47 MP: 5/5
  2388 | D:4      | HP: 2/47 [poisoned by a scorpion]
  2396 | D:4      | Reached skill level 6 in Axes
  2740 | D:4      | Found the amulet of Elemental Vulnerability {rPois rF--
                  | rC-- AC+8}
  2819 | D:4      | Found a radiant altar of Vehumet.
  2861 | D:4      | Reached XP level 6. HP: 33/53 MP: 6/6
  3267 | D:4      | Found an ornate altar of the Wu Jian Council.
  3319 | D:4      | Found a bloodstained altar of Trog.
  3337 | D:4      | Found a sparkling altar of Nemelex Xobeh.
  3399 | D:4      | Reached skill level 7 in Axes
  3570 | D:5      | Entered Level 5 of the Dungeon
  3600 | D:5      | Reached skill level 8 in Axes
  3600 | D:5      | Reached XP level 7. HP: 60/60 MP: 7/7
  3616 | D:5      | Noticed Pikel
  3627 | D:5      | Killed Pikel
  3628 | D:5      | Reached skill level 5 in Fighting
  3628 | D:5      | Reached skill level 10 in Axes
  3628 | D:5      | Reached XP level 8. HP: 20/68 MP: 8/8
  4570 | D:5      | Reached skill level 11 in Axes
  4659 | D:5      | Reached skill level 5 in Armour
  5421 | D:6      | Reached skill level 12 in Axes
  5421 | D:6      | Reached XP level 9. HP: 75/75 MP: 9/9
  5559 | D:6      | Reached ** piety under Zin
  5622 | D:6      | Donated 102 gold pieces to Zin
  5685 | D:6      | Noticed Edmund
  5695 | D:6      | Killed Edmund
  5696 | D:6      | Reached skill level 1 in Stealth
  5835 | D:6      | Reached skill level 13 in Axes
  6562 | D:7      | Found a hide-covered altar of Uskayaw.
  6757 | D:7      | Found a staircase to the Ecumenical Temple.
  6815 | D:7      | Reached skill level 14 in Axes
  6836 | D:7      | Reached *** piety under Zin
  6961 | D:7      | Found Ycwocvil's Firing Range.
  7559 | D:8      | Noticed Grum
  7573 | D:8      | Killed Grum
  7579 | D:8      | Reached skill level 5 in Shields
  7579 | D:8      | Reached XP level 10. HP: 72/84 MP: 10/10
  7650 | D:8      | Reached skill level 1 in Invocations
  8048 | D:8      | Noticed Maggie
  8064 | D:8      | Killed Maggie
  8313 | D:9      | Noticed a kobold demonologist
  8321 | D:9      | Killed a kobold demonologist
  8753 | D:9      | Noticed a death yak
  8753 | D:9      | Noticed a death yak
  8793 | D:9      | Killed a death yak
  9062 | D:9      | Noticed a death yak
  9473 | D:9      | Killed a death yak
  9474 | D:9      | Reached XP level 11. HP: 84/97 MP: 12/12
  9486 | D:9      | Killed a death yak
  9489 | D:9      | Reached skill level 10 in Fighting
  9626 | D:9      | Found a staircase to the Lair.
  9679 | D:9      | Reached **** piety under Zin
  9762 | D:9      | Found an ancient bone altar of Kikubaaqudgha.
  9996 | D:9      | Noticed a centaur warrior
 10009 | D:9      | Killed a centaur warrior
 10014 | D:9      | Noticed a two-headed ogre
 10032 | D:9      | Killed a two-headed ogre
 10703 | D:10     | Entered Level 10 of the Dungeon
 11069 | D:10     | Donated 181 gold pieces to Zin
 11573 | D:11     | Noticed a boulder beetle
 11635 | D:11     | Killed a boulder beetle
 11985 | D:11     | You fall into a shaft and drop 3 floors!
 12007 | D:14     | Noticed a cyclops
 12015 | D:14     | Killed a cyclops
 12757 | D:14     | Reached XP level 12. HP: 78/110 MP: 13/13
 12971 | D:14     | Noticed a boulder beetle
 12994 | D:14     | Killed a boulder beetle
 13317 | D:14     | Noticed a rakshasa
 13329 | D:14     | Killed a rakshasa
 13644 | D:14     | Found a sparkling altar of Nemelex Xobeh.
 13724 | D:14     | Found a gate to the Vaults.
 13726 | Abyss:2  | Cast into level 2 of the Abyss (a wizard)
 13867 | Abyss:2  | Noticed a cacodemon
 13870 | Abyss:2  | Gained mutation: You occasionally lose the ability to read
                  | scrolls when taking damage. [a cacodemon]
 13891 | Abyss:2  | Slain by a sixfirhy

Illustrated notes

Levels and vault maps discovered:
D:1:      scummos_arrival_checkerplants, layout_loops_ring
D:2:      layout_basic, basic_altar, serial_shops,
          nicolae_shop_overgrown_old_shop, st_stairs_9
D:3:      layout_rooms, kennysheep_ying_yang, amethyst_overflow_temple_binary,
          minmay_crystal_water, minivault_5, hangedman_glass_teeth,
          hangedman_feature_mirror
D:4:      layout_gridville, mainiacjoe_overflow_small_starburst,
          mainiacjoe_overflow_catwalk, overflow_temple_1_default,
          mainiacjoe_overflow_brackets, nzn_wu_jian_contemplation
D:5:      kb_forest_paths, layout_cave_pods, uniq_pikel
D:6:      layout_basic, portal_sewer_entry_e, uniq_edmund
D:7:      layout_loops_ring, nicolae_uskayaw_murder_on_the_dancefloor,
          minmay_temple_entry_mist, serial_aquarium, aquarium_bridge_square
          [aquarium_subvault_bridge, aquarium_subvault_bridge,
          aquarium_subvault_wall, aquarium_subvault_wall], aquarium_window_1,
          aquarium_window_2, aquarium_view_2e, aquarium_pool_side,
          nicolae_shop_firing_range
D:8:      layout_loops_ring, uniq_grum, uniq_maggie
D:9:      kennysheep_blocky_room, layout_basic, lemuel_tele_altar,
          dpeg_lair_monsters, kennysheep_generic_room_7
D:10:     layout_stronghold, roderic_lattice_a
D:11:     layout_basic, david_orc_4, ebering_ghost_inner_flame
D:14:     layout_stronghold, david_vaults_1, nemelex_spade_bored_becter,
          nrook_mini_vaults, disabler_island
Abyss:2:  base: D:3, base:
D:9

Skill      XL: |  1  2  3  4  5  6  7  8  9 10 11 12 |
---------------+-------------------------------------+-----
Axes           | 3 4 5 6 8 10 12 14 | 14.9
Fighting       | 4 5 6 9 11 12 | 12.1
Armour         | 4 5 7 9 |  9.4
Shields        | 4 5 6 8 9 |  9.5
Stealth        | 1 3 4 |  4.9
Invocations    | 2 |  2.7

Action                   |  1- 3 |  4- 6 |  7- 9 | 10-12 || total
-------------------------+-------+-------+-------+-------++-------
Melee: Hand axe          |    83 |   132 |   206 |   491 ||   912
       War axe           |     9 |       |       |       ||     9
Invok: Donate Gold       |       |       |     1 |     1 ||     2
       Recite            |       |       |     1 |       ||     1
       Imprison          |       |       |       |     1 ||     1
  Use: Potion            |       |     6 |       |     4 ||    10
       Scroll            |       |     9 |     3 |     7 ||    19
 Stab: Confused          |       |       |     1 |       ||     1
       Sleeping          |       |       |       |     3 ||     3
Armor: Scale mail        |    35 |    65 |    20 |       ||   120
       Skin              |       |     5 |       |       ||     5
       Steam dragon scal |       |       |    62 |   187 ||   249
Dodge: Dodged            |    32 |    62 |    78 |   171 ||   343
Block: Buckler           |    15 |    27 |    34 |   141 ||   217
